Map: Winter's Gate LE

Players

BlyOnFire (Bly) - Winner!

  • Race: Zerg Zerg
  • League: Grandmaster
  • Spawn Location: 11:00

Kelazhur

  • Race: Terran Terran
  • League: Master
  • Spawn Location: 5:00

Event: HomeStory Cup XX

VOD

Have the link to the VOD?

Description

Time

  • Played on: Nov. 22, 2019, 4:21 p.m.
  • Length: 22:11

All games in this series

Show
View Real Time Build Order
Export as new Build Order

BlyOnFire Zerg - Winner!

Build Orders: Hatch First, Muta Ling Bane 

Get SALT Encoding   

  12  0:02  Drone  
  13  0:13  Overlord  
  13  0:19  Drone  
  14  0:31  Drone x2  
  16  0:48  Hatchery  
  15  0:51  Drone  
  15  0:54  Drone  
  17  0:58  Drone  
  18  1:08  Extractor  
  17  1:13  Spawning Pool  
  17  1:16  Drone  
  17  1:20  Drone  
  18  1:28  Drone  
  19  1:41  Drone  
  20  1:50  Overlord  
  20  2:00  Queen x2  
  24  2:01  Zergling x4  
  26  2:10  Drone  
  26  2:12  Drone  
  28  2:16  Metabolic Boost  
  28  2:22  Extractor  
  27  2:25  Drone x2  
  30  2:33  Extractor  
  30  2:34  Drone x2  
  30  2:35  Queen  
  32  2:48  Drone  
  32  2:49  Overlord  
  33  2:52  Extractor  
  33  2:54  Drone  
  33  2:55  Drone  
  35  3:09  Hatchery  
  35  3:17  Zergling x12  
  41  3:29  Spore Crawler  
  41  3:44  Drone x3  
  41  3:45  Overlord  
  41  3:48  Overlord  
  44  3:49  Overlord  
  42  4:01  Drone x3  
  44  4:05  Queen x2  
  44  4:06  Overlord  
  48  4:10  Zergling x4  
  48  4:15  Zergling x14  
  57  4:30  Zergling x2  
  57  4:31  Zergling x6  
  57  4:37  Drone  
  57  4:38  Drone x2  
  60  4:40  Queen  
  60  4:44  Lair  
  60  4:45  Drone  
  63  4:54  Overlord  
  58  5:16  Drone x10  
  66  5:22  Drone x2  
  66  5:23  Drone x3  
  66  5:27  Baneling Nest, Drone x5, Evolution Chamber x2  
  73  5:30  Extractor  
  73  5:32  Extractor  
  69  5:40  Drone x3  
  73  5:42  Drone  
  73  5:43  Extractor  
  73  5:47  Drone  
  73  5:48  Drone x7  
  80  5:58  Hatchery  
  80  6:00  Zerg Melee Weapons Level 1, Zerg Ground Armor Level 1, Drone  
  80  6:01  Drone x2  
  82  6:05  Overlord x3  
  82  6:10  Overlord x2  
  82  6:17  Centrifical Hooks  
  81  6:19  Extractor, Overlord  
  81  6:20  Extractor  
  81  6:23  Spore Crawler  
  78  6:26  Drone  
  78  6:27  Drone  
  78  6:28  Drone x4  
  84  6:33  Zergling x2  
  84  6:34  Zergling x8  
  89  6:42  Zergling x6  
  92  6:48  Zergling x8  
  92  6:50  Spire  
  95  6:56  Hatchery  
  95  6:59  Zergling x10  
  95  7:00  Overseer  
  99  7:08  Baneling x8  
  99  7:11  Zergling x8  
  103  7:20  Zergling x20  
  109  7:31  Zergling x2  
  109  7:35  Zergling x8  
  113  7:37  Hatchery, Queen  
  114  7:47  Zergling x12  
  116  8:02  Baneling x12  
  107  8:34  Zerg Ground Armor Level 2  
  107  8:35  Zerg Melee Weapons Level 2  
  107  8:36  Zerg Flyer Weapons Level 1, Hatchery  
  104  8:51  Hatchery  
  101  8:58  Drone  
  101  8:59  Drone x12  
  114  9:08  Extractor  
  113  9:10  Extractor  
  113  9:13  Mutalisk x7  
  126  9:23  Mutalisk  
  126  9:24  Mutalisk x2  
  123  9:45  Baneling x10  
  123  9:46  Overlord x2  
  123  9:47  Overlord x2  
  120  10:00  Hatchery  
  120  10:03  Zergling x24  
  124  10:18  Infestation Pit  
  122  10:21  Mutalisk x3  
  122  10:27  Drone x2  
  130  10:28  Drone x2  
  130  10:29  Drone x5  
  130  10:34  Zerg Flyer Weapons Level 2  
  137  10:39  Spore Crawler  
  137  10:41  Baneling x7  
  136  10:46  Overlord  
  134  11:01  Mutalisk x3  
  136  11:04  Zergling x2  
  136  11:05  Zergling x22  
  148  11:16  Drone x6  
  148  11:28  Baneling x13  
  148  11:30  Zergling x22  
  159  11:37  Baneling x5  
  153  11:48  Zergling x28  
  153  11:54  Queen x2  
  165  11:58  Extractor  
  165  12:01  Mutalisk x5  
  173  12:19  Pneumatized Carapace  
  164  12:27  Zergling x30, Overlord x2  
  164  12:28  Overlord x5  
  179  12:31  Hive  
  147  13:00  Zergling x40  
  160  13:06  Zergling x6  
  160  13:12  Baneling x2  
  163  13:13  Overseer  
  155  13:27  Mutalisk x11  
  155  13:29  Zergling x2  
  155  13:30  Zergling x12  
  186  13:46  Zergling x22  
  186  13:47  Baneling  
  186  13:48  Baneling x16  
  193  13:55  Ultralisk Cavern  
  177  13:56  Overseer x3  
  170  14:05  Hatchery  
  170  14:07  Zergling x20  
  176  14:16  Baneling x14  
  173  14:17  Zergling x10  
  178  14:25  Baneling x4  
  178  14:28  Baneling x8  
  178  14:29  Zergling x10  
  178  14:31  Zergling x4  
  97  14:54  Mutalisk  
  97  14:55  Mutalisk x4  
  105  15:09  Baneling x8  
  105  15:10  Zergling x24  
  117  15:17  Zergling x6  
  120  15:22  Zergling x6  
  119  15:28  Hatchery  
  119  15:29  Chitinous Plating  
  119  15:33  Zergling x12  
  124  15:49  Zergling x22  
  133  16:05  Drone  
  133  16:06  Drone  
  133  16:10  Zerg Ground Armor Level 3, Zerg Melee Weapons Level 3  
  135  16:12  Drone  
  135  16:14  Extractor, Drone x3  
  138  16:22  Overseer x3  
  138  16:24  Ultralisk  
  144  16:26  Drone  
  144  16:28  Extractor  
  144  16:30  Extractor  
  143  16:37  Zergling x14  
  143  16:38  Zergling x4  
  142  16:54  Baneling  
  142  17:02  Drone  
  142  17:04  Drone x3  
  142  17:06  Ultralisk x2  
  149  17:23  Ultralisk  
  155  17:32  Zergling x12, Ultralisk  
  155  17:33  Zergling x16  
  155  17:36  Drone  
  176  17:40  Drone x3  
  175  17:46  Baneling  
  175  18:04  Ultralisk x3  
  183  18:18  Drone x3  
  186  18:20  Drone x2  
  186  18:24  Ultralisk x2  
  197  18:40  Zergling x14  
  197  18:41  Zergling x14  
  172  18:45  Zergling x4  
  172  18:46  Zergling x4  
  170  18:52  Infestor  
  172  18:58  Infestor  
  174  19:04  Zergling x24  
  181  19:21  Corruptor x4  
  189  19:38  Corruptor x4  
  186  19:40  Drone x8  
  199  19:52  Overlord x2  
  199  19:54  Greater Spire  
  197  20:04  Hatchery  
  196  20:10  Extractor  
  196  20:11  Extractor  
  196  20:13  Baneling x6  
  196  20:14  Baneling x7  
  194  20:23  Hatchery  
  194  20:25  Drone x3  
  195  20:30  Spore Crawler  
  195  20:31  Spore Crawler  
  193  20:36  Baneling x13  
  164  20:57  Zergling x6  
  164  20:58  Zergling x32  
  141  21:20  Zergling x30  
  132  21:44  Zergling x2  
  132  21:45  Zergling x24  
Show
View Real Time Build Order
Export as new Build Order

Kelazhur Terran 

Build Orders: Reaper Expand 

Get SALT Encoding   

  12  0:00  SCV  
  13  0:12  SCV  
  14  0:16  Supply Depot  
  14  0:25  SCV  
  15  0:38  SCV  
  15  0:39  Barracks  
  15  0:42  Refinery  
  16  0:50  SCV  
  17  1:02  SCV  
  18  1:14  SCV  
  19  1:26  Orbital Command, Reaper  
  20  1:38  Command Center  
  20  1:46  Supply Depot  
  20  1:52  SCV  
  21  1:58  Marine  
  22  2:04  Factory  
  22  2:08  SCV  
  23  2:18  Refinery  
  23  2:19  Barracks Reactor  
  23  2:21  SCV  
  24  2:36  SCV  
  25  2:48  SCV  
  26  2:52  Orbital Command  
  26  2:54  Starport  
  26  3:00  SCV  
  26  3:05  Hellion x2  
  31  3:11  Barracks Tech Lab  
  31  3:13  SCV  
  32  3:20  SCV  
  32  3:25  SCV  
  34  3:32  SCV  
  34  3:34  Hellion x2  
  39  3:35  Viking  
  39  3:38  SCV  
  41  3:41  Supply Depot  
  41  3:42  Stimpack  
  41  3:44  SCV  
  42  3:50  SCV  
  43  3:56  SCV  
  43  4:00  Hellion x2  
  46  4:03  SCV  
  46  4:04  Marine, Supply Depot  
  46  4:08  SCV  
  49  4:15  SCV  
  50  4:17  Starport Reactor  
  50  4:19  Barracks  
  50  4:20  SCV, Barracks  
  49  4:27  SCV  
  48  4:33  SCV  
  48  4:35  Marine  
  50  4:39  SCV  
  50  4:42  Engineering Bay  
  50  4:45  SCV  
  52  4:50  Factory Tech Lab  
  52  4:51  Refinery, SCV  
  53  4:56  Engineering Bay  
  53  4:57  SCV  
  54  5:00  Marine  
  54  5:03  Engineering Bay, SCV  
  54  5:05  Engineering Bay  
  55  5:08  Terran Infantry Weapons Level 1  
  55  5:09  SCV  
  56  5:15  SCV  
  55  5:23  Supply Depot  
  55  5:24  Marine x3  
  55  5:26  Marine x2  
  55  5:27  Supply Depot, Combat Shield  
  60  5:32  Terran Infantry Armor Level 1  
  60  5:33  Starport Reactor  
  60  5:36  Siege Tank  
  60  5:38  SCV x2  
  60  5:41  Supply Depot  
  60  5:42  Marine x3  
  67  5:44  Marine  
  67  5:45  Marine  
  70  5:56  Supply Depot  
  70  6:00  Marine x2  
  72  6:05  Marine  
  72  6:06  Marine x2  
  72  6:09  Command Center, SCV  
  77  6:14  Siege Tank  
  77  6:18  Marine, Medivac x2  
  82  6:21  Refinery  
  82  6:25  Marine x4  
  86  6:31  Armory  
  88  6:39  SCV  
  90  6:40  SCV  
  90  6:51  Marine x2  
  90  6:53  Medivac x2  
  96  6:54  Siege Tank  
  96  6:55  Marine x3  
  102  7:06  Barracks  
  102  7:08  Barracks  
  102  7:10  Supply Depot  
  102  7:21  Marine, SCV x2  
  105  7:24  Marine  
  105  7:25  Marine x2  
  105  7:28  Orbital Command  
  108  7:33  Liberator x2, SCV  
  108  7:35  Terran Infantry Weapons Level 2  
  108  7:36  Terran Infantry Armor Level 2  
  103  7:49  Orbital Command  
  107  7:52  Marine x4  
  107  7:53  Marine  
  107  7:57  SCV x2  
  113  8:09  Marine, Siege Tank, SCV  
  113  8:11  SCV  
  119  8:19  Marine  
  120  8:20  Marine x3  
  120  8:21  SCV  
  107  8:27  Marine  
  107  8:32  SCV x2  
  107  8:36  Medivac x2  
  107  8:37  Marine x3  
  114  8:41  Siege Tank  
  114  8:42  Marine  
  114  8:44  SCV  
  119  8:50  SCV x2  
  119  8:51  Marine  
  119  8:55  Marine  
  123  8:57  Supply Depot  
  123  8:58  Marine, Supply Depot  
  123  9:00  Barracks Reactor x2  
  124  9:06  SCV  
  125  9:18  Marine x2, Supply Depot x2, SCV x3  
  125  9:23  Marine  
  131  9:27  Refinery  
  131  9:28  Thor  
  131  9:29  Marine  
  131  9:30  Marine, Factory, SCV  
  134  9:36  Marine, Missile Turret  
  134  9:37  Supply Depot  
  134  9:38  Marine  
  136  9:39  Missile Turret  
  136  9:45  Marine  
  136  9:46  Marine x4  
  136  9:47  Marine  
  136  9:48  Marauder  
  130  10:07  Marine  
  118  10:15  Drilling Claws, Thor  
  118  10:16  Marine, Factory Reactor  
  118  10:17  Marine x6, Marauder  
  133  10:21  Terran Infantry Weapons Level 3  
  133  10:22  Medivac x2  
  133  10:24  Marine  
  138  10:34  Marine  
  138  10:35  Marine x6  
  145  10:40  Command Center  
  145  10:47  Marine, Marauder  
  148  10:52  Marine x2, Missile Turret  
  148  10:53  Marine  
  148  10:55  Marine  
  152  10:58  Medivac  
  152  10:59  Medivac  
  152  11:02  Marine x2  
  152  11:03  Marine  
  159  11:08  Marauder  
  161  11:25  Marine x5  
  159  11:26  Marine  
  159  11:29  Marine, Supply Depot  
  159  11:30  Marauder, Supply Depot  
  160  11:32  Supply Depot  
  160  11:33  Widow Mine x2  
  164  11:42  Marine  
  164  11:50  Marine, Thor  
  164  11:51  Marine x6, Marauder  
  179  11:55  Concussive Shells  
  179  11:56  Widow Mine x2  
  183  12:07  Medivac x2  
  187  12:09  Missile Turret  
  187  12:14  Marine  
  187  12:15  Marine x7  
  187  12:20  SCV x2  
  185  12:26  Missile Turret x2  
  185  12:28  Widow Mine x2  
  189  12:37  Barracks  
  189  12:43  Marauder  
  190  12:44  Marine  
  190  12:45  Marine x6  
  190  12:46  Marine  
  181  12:56  SCV x2  
  176  13:13  Supply Depot  
  176  13:14  Supply Depot  
  175  13:34  Marine x8  
  173  13:35  Widow Mine x2, Marauder  
  169  13:51  Marine, Thor  
  169  13:52  Marine x5  
  178  14:00  Marine  
  178  14:01  Marine  
  173  14:24  Command Center  
  173  14:29  Orbital Command  
  139  14:42  Marine x3  
  139  14:43  Marine  
  139  14:44  Widow Mine, Marine x2  
  139  14:45  Marauder, Widow Mine  
  97  14:58  Orbital Command  
  91  15:18  Medivac x2  
  85  15:36  Marine, Marauder  
  85  15:38  Marine  
  85  15:39  Marine x5  
  91  15:54  Marine x2, Medivac x2  
  91  15:56  Marine x2  
  98  15:57  Widow Mine x2  
  102  16:10  Marine  
  102  16:11  Marauder  
  105  16:24  Medivac x2  
  105  16:25  Marine  
  110  16:26  Marine  
  110  16:27  Engineering Bay  
  110  16:28  Marine x4  
  110  16:29  Marine x2  
  110  16:32  Marauder  
  117  16:47  Marine x4  
  110  16:50  SCV  
  115  16:56  Missile Turret  
  115  17:00  Marine, Marauder  
  118  17:07  Marine  
  118  17:08  Marine x3  
  122  17:15  Widow Mine x2  
  123  17:24  Marine x4, Marauder, Armory  
  123  17:25  Marine x2  
  131  17:30  Planetary Fortress  
  129  17:46  Widow Mine x2  
  129  17:51  Widow Mine  
  132  18:02  Marine  
  132  18:05  Marauder  
  135  18:11  Medivac x2  
  135  18:12  Marine x2  
  139  18:14  Barracks Tech Lab  
  139  18:15  Marine  
  141  18:24  Barracks Tech Lab, Liberator  
  141  18:34  Marine x2  
  141  18:35  Widow Mine  
  141  18:36  Widow Mine  
  141  18:39  Marine  
  141  18:40  Marine, Marauder  
  130  18:46  Marine  
  130  18:47  Marine x3  
  132  18:52  Marine x2  
  132  18:54  Refinery  
  132  18:55  SCV x2  
  136  18:57  Marine  
  136  18:58  Refinery  
  136  18:59  Refinery  
  136  19:01  Marauder  
  139  19:05  Marauder  
  139  19:06  Command Center  
  139  19:09  SCV  
  140  19:15  Marine  
  141  19:21  Supply Depot x2  
  141  19:22  Marine x6, SCV x2  
  149  19:42  Marine  
  149  19:43  Marauder, SCV x2  
  156  19:49  Marine  
  156  19:55  SCV  
  156  19:57  Widow Mine x2  
  156  19:58  Marine  
  156  19:59  Marine x3  
  165  20:00  Marine  
  165  20:02  Supply Depot  
  165  20:03  Liberator  
  165  20:04  Supply Depot  
  164  20:18  Marauder  
  169  20:25  Widow Mine x3  
  172  20:30  Marauder  
  174  20:37  Marine x4, Marauder  
  180  20:47  Marine  
  180  20:48  Marauder  
  176  20:53  Marauder  
  176  20:57  Marine x2  
  149  20:59  Marauder  
  149  21:03  SCV  
  152  21:04  Ghost Academy  
  152  21:07  SCV  
  147  21:16  Marauder  
  105  21:19  Marauder  
  105  21:20  Marauder  
  105  21:24  Marine x2  
  110  21:32  Widow Mine x2  
  96  21:42  Marine x3, Marauder  
  96  21:43  Marine  
  82  21:47  Marauder  
  82  21:49  Marine  
  82  21:50  Marine  
Tags
 
Add a new tag
Caveats
  • Supply blocks, unpowered buildings, or Contaminate may cause inaccurate times.
  • Supply counts are checked every 10 seconds.